 Dungeon Crawl Stone Soup version 0.29.0 (webtiles) character file.

Game seed: 9187876945022099972

35 GigaChad the Shield-Bearer (level 3, 0/33 HPs)
             Began as a Minotaur Fighter on Aug 25, 2022.
             Slain by an orc wizard
             ... wielding a +0 dagger
              (2 damage)
             ... on level 3 of the Dungeon.
             The game lasted 00:01:57 (851 turns).

GigaChad the Shield-Bearer (Minotaur Fighter)        Turns: 851, Time: 00:01:58

Health: 0/33       AC:  7    Str: 22    XL:     3   Next: 17%
Magic:  2/2        EV:  9    Int:  5    God:
Gold:   86         SH:  4    Dex:  9    Spells: 2/2 levels left

rFire   . . .      SeeInvis .   a - +0 long sword
rCold   . . .      Faith    .   c - +0 buckler
rNeg    . . .      Spirit   .   b - +0 scale mail
rPois   .          Reflect  .   (helmet restricted)
rElec   .          Harm     .   (no cloak)
rCorr   .          Rampage  .   (no gloves)
Will    .....                   (no boots)
Stlth   ..........              (no amulet)
HPRegen 0.11/turn               (no ring)
MPRegen 0.08/turn               (no ring)

@: no status effects
A: horns 2, retaliatory headbutt
a: no special abilities


You were on level 3 of the Dungeon.
You visited 1 branch of the dungeon, and saw 3 of its levels.

You collected 86 gold pieces.

Inventory:

Hand Weapons
 a - a +0 long sword (weapon)
Armour
 b - a +0 scale mail (worn)
 c - a +0 buckler (worn)
Scrolls
 e - 3 scrolls of identify {unknown}
 i - a scroll of vulnerability {unknown}
 k - a scroll of fear {unknown}
 l - a scroll of torment {unknown}
Potions
 d - 2 potions of might
 f - a potion of ambrosia {unknown}
 g - a potion of flight {unknown}
 h - a potion of curing {unknown}
 j - a potion of heal wounds {unknown}


   Skills:
 + Level 4.1 Fighting
 + Level 2.6 Long Blades
 + Level 4.1 Armour
 + Level 0.1 Dodging
 + Level 4.2 Shields


You had 2 spell levels left.
You didn't know any spells.
Your spell library was empty.

Dungeon Overview and Level Annotations

Branches:
Dungeon (3/15)

Altars:


Innate Abilities, Weirdness & Mutations

You have a pair of horns on your head.
You reflexively headbutt those who attack you in melee.


Message History

The orc hits you but does no damage.
You hit the orc.
The orc is moderately wounded.
Something hits you. The orc hits you but does no damage. x2
You barely miss the orc.
The orc is moderately wounded.
Something hits you. The orc hits you with a +0 morningstar.
The orc hits you but does no damage.
You hit the orc. You headbutt the orc.
You kill the orc!
The orc hits you with a +0 dagger.
You hear some strange, mumbled words.
A magic dart appears from out of thin air!
The magic dart hits you but does no damage.
Something hits you. The orc hits you but does no damage.
You closely miss something. Your headbutt misses something.
Something hits you but does no damage. The orc hits you with a +0 dagger.
You miss something. Something hits you but does no damage.
The orc hits you with a +0 dagger.
You barely miss something. Something hits you but does no damage.
The orc hits you but does no damage.
You barely miss something. The orc hits you with a +0 dagger.
You hear some strange, mumbled words.
You are confused.
Something hits you. The orc hits you but does no damage.
You miss something. Something hits you but does no damage.
The orc hits you but does no damage.
You miss something. Something hits you. The orc hits you with a +0 dagger.
* * * LOW HITPOINT WARNING * * *
You closely miss the orc. The orc hits you with a +0 dagger.
* * * LOW HITPOINT WARNING * * *
Something hits you but does no damage. The orc hits you but does no damage.
Something hits you but does no damage.
You miss something. Something hits you.
* * * LOW HITPOINT WARNING * * *
The orc completely misses you.
You miss something.
You feel less confused. Something hits you.
You die...

#..... #..#.# #
#..#.#### #..#.##..
#..#.##.# #.# #.# .##
#..#.##o# #.# #.# ...
#..#.##.# #)# #.# .#
#.{#.##.#####.# #.# #
#.@)..........# #.#
#........o.#####.##.#
#.# ### .######.##.#
#.##.###.# ..# #....#
#......... ####.#
#.##)###.#
#.#####........#
#..........#####
########.#.# #.#.#


You could see an orc.

Vanquished Creatures
  An adder (D:3)
  2 worms (D:2)
  An orc (D:3)
  A ball python (D:2)
  2 bats
  2 endoplasms (D:2)
  3 giant cockroaches (D:2)
  A goblin (D:2)
  2 hobgoblins (D:2)
  A kobold (D:3)
  A frilled lizard (D:2)
  A rat (D:2)
18 creatures vanquished.

Notes
Turn   | Place    | Note
-------+----------+-------------------------------------------
     0 | D:1      | GigaChad the Minotaur Fighter began the quest for the Orb.
     0 | D:1      | Reached XP level 1. HP: 19/19 MP: 0/0
     6 | D:1      | You fall into a shaft and drop 1 floor!
   243 | D:2      | Reached XP level 2. HP: 25/27 MP: 1/1
   709 | D:3      | Reached XP level 3. HP: 27/33 MP: 2/2
   851 | D:3      | Slain by an orc wizard

Illustrated notes

Levels and vault maps discovered:
D:1:      co_arrival_square_in_a_square_in_a_square, layout_rooms,
          shapermc_ecumenical_altar_venn
D:2:      layout_basic
D:3:      layout_loops_ring

Skill      XL: |  1  2 |
---------------+-------+-----
Shields        | 4 |  4.2
Fighting       | 4 |  4.1
Armour         | 4 |  4.1
Long Blades    | |  2.6
Dodging        | |  0.1

Action                   || total
-------------------------++-------
Melee: Long sword        ||    48
       Headbutt          ||     6
Armor: Scale mail        ||    55
Dodge: Dodged            ||    26
Block: Buckler           ||    13
